 Dungeon Crawl Stone Soup version 0.27-a0-686-gaed091b46b (webtiles) character file.

Game seed: 17410611538137083818

123 quinnr the Cutter (level 4, 0/31 HPs)
             Began as a Demonspawn Enchanter on Mar 8, 2021.
             Was an Initiate of Nemelex Xobeh.
             Slain by a gnoll (3 damage)
             ... on level 3 of the Dungeon on Mar 20, 2021.
             The game lasted 00:11:37 (3753 turns).

quinnr the Cutter (Demonspawn Enchanter)            Turns: 3753, Time: 00:11:38

Health: 0/31       AC: 18    Str:  9    XL:     4   Next: 79%
Magic:  7/7        EV:  4    Int: 16    God:    Nemelex Xobeh [......]
Gold:   125        SH:  0    Dex: 14    Spells: 6/7 levels left

rFire    . . .     SeeInvis .   j - +2 dagger (protect)
rCold    . . .     Faith    .   (no shield)
rNeg     . . .     Spirit   .   d - +0 chain mail
rPois    .         Reflect  .   (no helmet)
rElec    .         Harm     .   (no cloak)
rCorr    .         Rampage  .   i - +0 pair of gloves
Will     .....                  (no boots)
Stlth    ..........             (no amulet)
HPRegen  0.10/turn              (no ring)
MPRegen  0.10/turn              (no ring)

@: protection aura
A: icy blue scales 1, powered by death 2
a: Renounce Religion, Draw Escape, Draw Destruction, Draw Summoning


You were on level 3 of the Dungeon.
You worshipped Nemelex Xobeh.
Nemelex Xobeh was noncommittal.
You visited 1 branch of the dungeon, and saw 3 of its levels.

You collected 125 gold pieces.

Inventory:

Hand Weapons
 a - a +1 dagger
 j - a +2 dagger of protection (weapon)
 t - a +0 hunting sling
Missiles
 u - 50 stones
 w - 3 poisoned darts (quivered)
Armour
 b - a +0 robe
 d - a +0 chain mail (worn)
 i - a +0 pair of gloves (worn)
Jewellery
 k - a ring of fire
Scrolls
 c - 2 scrolls of magic mapping {unknown}
 g - 3 scrolls of teleportation {unknown}
 m - a scroll of immolation {unknown}
 n - a scroll of fear {unknown}
 o - a scroll of noise {unknown}
 p - 3 scrolls of identify {unknown}
 q - a scroll of holy word {unknown}
 s - a scroll of blinking {unknown}
 v - a scroll of enchant armour {unknown}
Potions
 e - a potion of might {unknown}
 f - a potion of haste {unknown}
 h - a potion of brilliance {unknown}
 l - a potion of ambrosia {unknown}
 r - 2 potions of curing {unknown}


   Skills:
 + Level 0.3 Fighting
 * Level 3.2 Short Blades
 + Level 0.2 Slings
 - Level 3.1 Dodging
 - Level 2.6 Stealth
 - Level 2.0 Spellcasting
 - Level 3.0 Hexes


You had 6 spell levels left.
You knew the following spells:

 Your Spells              Type           Power      Damage    Failure   Level
a - Corona                Hex            12%        N/A       100%        1

Your spell library contained the following spells:

 Spells                   Type           Power      Damage    Failure   Level
 Ensorcelled Hibernation  Hex/Ice        12%        N/A       100%        2
 Confusing Touch          Hex            11%        N/A       100%        3
 Dazzling Flash           Conj/Hex       12%        N/A       100%        3
 Tukima's Dance           Hex            11%        N/A       100%        3


Dungeon Overview and Level Annotations

Branches:
Dungeon (3/15)

Altars:
Nemelex Xobeh


Innate Abilities, Weirdness & Mutations

You are partially covered in icy blue scales. (AC +2)
You regenerate health from kills.


Message History

You hit the gnoll.
The gnoll is moderately wounded.
The gnoll hits you but does no damage.
Your chain mail prevents you from hitting the gnoll.
The gnoll is moderately wounded.
The gnoll hits you but does no damage.
You hit the gnoll.
The gnoll is moderately wounded.
The gnoll hits you but does no damage.
You hit the gnoll.
The gnoll is heavily wounded.
The gnoll hits you but does no damage.
You hit the gnoll but do no damage.
The gnoll is heavily wounded.
The gnoll hits you with a +0 spear!
* * * LOW HITPOINT WARNING * * *
You hit the gnoll.
The gnoll is almost dead.
The gnoll hits you but does no damage.
Okay, then.
You hit the gnoll but do no damage.
The gnoll is almost dead.
You hit the gnoll.
You kill the gnoll!
You hit the gnoll.
The gnoll is moderately wounded.
The gnoll hits you.
* * * LOW HITPOINT WARNING * * *
You closely miss the gnoll.
The gnoll is moderately wounded.
The gnoll hits you.
* * * LOW HITPOINT WARNING * * *
You hit the gnoll but do no damage.
The gnoll is moderately wounded.
The gnoll hits you but does no damage.
You hit the gnoll.
The gnoll is moderately wounded.
The gnoll hits you.
You die...
Your body disappears without a glow.

#.# ####†#####
######........#
#...##.##.###.# ##
#.#........##.# ..
####..†##......#.##.####
......###.#............#
.###### #.##.###g## .#
#.##.# #@# .# #.##.###.#
.# #........# .#
###...#### .###
##.....## .#.##
##.......##
....####.........####...
.......+.........'......
....####.........####>#.


You could see a gnoll.

Vanquished Creatures
  3 gnolls
  2 oozes
  6 dart slugs
  2 leopard geckos
  An orc (D:2)
  8 giant cockroaches
  7 goblins
  6 hobgoblins
  7 jackals
  A quokka (D:2)
  8 bats
  2 frilled lizards
  3 kobolds
  14 rats
70 creatures vanquished.

Vanquished Creatures (others)
  45 plants (D:2)
45 creatures vanquished.

Grand Total: 115 creatures vanquished

Notes
Turn   | Place    | Note
-------+----------+-------------------------------------------
     0 | D:1      | quinnr the Demonspawn Enchanter began the quest for the
                  | Orb.
     0 | D:1      | Reached XP level 1. HP: 13/13 MP: 3/3
     0 | D:1      | Upgraded the game from 0.27-a0-550-ge92ec0ca06 to
                  | 0.27-a0-686-gaed091b46b
    25 | D:1      | Reached skill level 1 in Short Blades
   175 | D:1      | HP: 1/13 [giant cockroach (1)]
   181 | D:1      | HP: 1/13 [rat (1)]
   585 | D:1      | Gained mutation: You are partially covered in icy blue
                  | scales. (AC +2) [demonic ancestry]
   585 | D:1      | Reached XP level 2. HP: 6/19 MP: 5/5
  1771 | D:1      | Gained mutation: You regenerate a little health from kills.
                  | [demonic ancestry]
  1771 | D:1      | Reached XP level 3. HP: 18/24 MP: 6/6
  2697 | D:2      | Gained mutation: You regenerate health from kills. [demonic
                  | ancestry]
  2697 | D:2      | Reached XP level 4. HP: 30/30 MP: 7/7
  2708 | D:2      | Found a sparkling altar of Nemelex Xobeh.
  2712 | D:2      | Became a worshipper of Nemelex Xobeh the Trickster
  2905 | D:2      | Found Etinask's Assorted Antiques.
  3751 | D:3      | HP: 3/31 [gnoll (2)]
  3753 | D:3      | Slain by a gnoll

Illustrated notes

Levels and vault maps discovered:
D:1:      lemuel_arrival_hallway, layout_basic
D:2:      layout_basic, serial_shops, nicolae_shop_overgrown_old_shop,
          serial_bayou, serial_bayou_shore_a, serial_bayou_pond_d,
          serial_bayou_lagoon_a, serial_bayou_pond_b, serial_bayou_crossing,
          serial_bayou_pond_d, nemelex_dance_club_becter
D:3:      layout_loops_corners

Skill      XL: |  1  2  3  4 |
---------------+-------------+-----
Short Blades   | 1 2 3 |  3.2
Dodging        | 2 3 |  3.1
Fighting       | |  0.3
Slings         | |  0.2
Stealth        | |  2.6
Spellcasting   | |  2.0
Hexes          | |  3.0

Action                   |  1- 3 |  4- 6 || total
-------------------------+-------+-------++-------
Melee: Dagger            |   304 |   107 ||   411
 Cast: Corona            |     1 |       ||     1
Armor: Chain mail        |   235 |   100 ||   335
       Robe              |    13 |       ||    13
Dodge: Dodged            |    79 |    18 ||    97

Table legend: (Time is in decaauts)
 A = Elapsed time spent in this place.
 B = Non-inter-level travel time spent in this place.
 C = Inter-level travel time spent in this place.
 D = Time resting spent in this place.
 E = Time spent auto-exploring this place.
 F = Levels seen in this place.
 G = Mean time per level.
                   A        B        C        D        E       F      G
               +--------+--------+--------+--------+--------+-----+--------+
         Total |   3739 |   3622 |    117 |    765 |   2139 |   3 | 1246.3 |
       Dungeon |   3739 |   3622 |    117 |    765 |   2139 |   3 | 1246.3 |
               +--------+--------+--------+--------+--------+-----+--------+

Top non-repeatable levels by time:
     D:1: 2285 daAuts
     D:2: 1054 daAuts
     D:3: 400 daAuts
